 Dungeon Crawl Stone Soup version 0.29.1-4-g47bece8355 (webtiles) character file.

Game seed: 16964370965639102265

21399 fishmans the Devastator (level 12, -10/81 HPs)
             Began as a White Draconian Fire Elementalist on Dec 3, 2022.
             Was a High Priest of Vehumet.
             Mangled by a boulder beetle (38 damage)
             ... on level 2 of the Lair of Beasts.
             The game lasted 03:40:02 (27655 turns).

fishmans the Devastator (DrFE)                     Turns: 27655, Time: 03:40:02

Health: -10/81     AC: 12    Str: 12    XL:     12   Next: 53%
Magic:  0/25       EV:  7    Int: 19    God:    Vehumet [*****.]
Gold:   1137       SH: 10    Dex: 12    Spells: 3/30 levels left

rFire   . . .      SeeInvis +   q - +3 flail (protect)
rCold   + . .      Faith    .   O - +0 tower shield
rNeg    . . .      Spirit   .   (body armour unavailable)
rPois   .          Reflect  .   (helmet restricted)
rElec   .          Harm     .   (no cloak)
rCorr   .          Rampage  .   (no gloves)
Will    .....                   (no boots)
Stlth   ++........              (no amulet)
HPRegen 0.23/turn               n - ring of see invisible
MPRegen 0.19/turn               o - +4 ring of protection

@: no status effects
A: breathe frost, AC +8, unfitting armour, cold resistance 1, cold-blooded
a: Breathe Frost, Renounce Religion


You were on level 2 of the Lair of Beasts.
You worshipped Vehumet.
Vehumet was extremely pleased with you.
You visited 3 branches of the dungeon, and saw 13 of its levels.

You collected 1338 gold pieces.
You spent 201 gold pieces at shops.

Inventory:

Hand Weapons
 f - a +0 quarterstaff
 j - a +0 great sword
 k - a +0 war axe
 q - a +3 flail of protection (weapon)
 w - a +3 spear of freezing
 G - a +4 spear of chaos
 J - a +4 dagger
 W - a +3 spectral quarterstaff
Missiles
 d - 36 poisoned darts
 g - 138 stones
 s - a throwing net
 u - 10 javelins
 B - 18 boomerangs
 V - 3 silver boomerangs
Armour
 D - a +0 buckler
 O - a +0 tower shield (worn)
Jewellery
 h - a ring of see invisible
 n - a ring of see invisible (left hand)
 o - a +4 ring of protection (right hand)
 v - a ring of magical power
 E - a ring of fire
 K - a ring of positive energy
 L - the ring "Jiqed" {+Blink rPois Int+5 Stlth+}
   (You found it on level 9 of the Dungeon)

   [ring of poison resistance]

   Int:       It affects your intelligence (+5).
   rPois:     It protects you from poison.
   +Blink:    It lets you blink.
   Stlth:     It makes you more stealthy.
Wands
 y - a wand of mindburst (15)
 A - a wand of polymorph (2)
 C - a wand of acid (24)
 I - a wand of roots (7)
 R - a wand of flame (15) (quivered)
Scrolls
 p - 2 scrolls of immolation
 r - 2 scrolls of poison
 x - a scroll of fear
 z - a scroll of blinking
 M - a scroll of enchant weapon
 N - 5 scrolls of teleportation
 P - a scroll of brand weapon
 S - 2 scrolls of amnesia
Potions
 a - 2 potions of magic
 b - a potion of haste
 c - 3 potions of brilliance
 e - a potion of mutation
 i - 5 potions of degeneration
 l - 3 potions of invisibility
 m - 4 potions of curing
 t - 11 potions of ambrosia
 F - a potion of might
 H - 4 potions of flight
 Q - 4 potions of attraction
 T - 2 potions of berserk rage {unknown}
 U - a potion of lignification {unknown}
 X - a potion of heal wounds


   Skills:
 - Level 3.9 Maces & Flails
 - Level 1.8 Dodging
 - Level 1.8 Stealth
 + Level 9.9 Spellcasting
 + Level 15.0 Conjurations
 - Level 2.0 Translocations
 - Level 5.0 Fire Magic
 + Level 7.7 Air Magic
 - Level 0.4 Evocations


You had 3 spell levels left.
You knew the following spells:

 Your Spells              Type           Power      Damage    Failure   Level
a - Foxfire               Conj/Fire      100%       2x1d9     1%          1
b - Scorch                Fire           56%        2d7       7%          2
c - Conjure Flame         Conj/Fire      47%        6-21      1%          3
d - Poisonous Vapours     Pois/Air       48%        N/A       11%         2
e - Flame Wave            Conj/Fire      47%        2d12      6%          4
f - Blink                 Tloc           34%        N/A       65%         2
g - Iskenderun's Battles  Conj           61%        2d11      2%          5
h - Conjure Ball Lightni  Conj/Air       25%        3x3d7     43%         6
i - Searing Ray           Conj           100%       2d8       1%          2

Your spell library contained the following spells:

 Spells                   Type           Power      Damage    Failure   Level
 Lee's Rapid Deconstruct  Erth           4%         3d6*      100%        5
 Magic Dart               Conj           100%       1d8       1%          1
 Dazzling Flash           Conj/Hex       74%        N/A       5%          3
 Inner Flame              Hex/Fire       19%        N/A       34%         3
 Fireball                 Conj/Fire      23%        3d11      16%         5
 Fulminant Prism          Conj/Hex       18%        3d11      17%         4
 Orb of Destruction       Conj           30%        9d10      50%         7
 Anguish                  Hex/Necr       4%         N/A       100%        4
 Agony                    Necr           9%         N/A       100%        5
 Manifold Assault         Tloc           17%        N/A       100%        5
 Silence                  Hex/Air        12%        N/A       100%        5
 Enfeeble                 Hex            4%         N/A       100%        7
 Storm Form               Tmut/Air       12%        N/A       100%        7


Dungeon Overview and Level Annotations

Branches:
Dungeon (10/15)            Temple (1/1) D:4            Lair (2/5) D:8
 Shoals (0/4) Lair:2          Orc (0/2) D:9
  Snake: Lair:2-3    Spider: Lair:2-3

Altars:
Ashenzari
Cheibriados
Dithmenos
Elyvilon
Fedhas
Gozag
Hepliaklqana
Kikubaaqudgha
Makhleb
Nemelex Xobeh
Okawaru
Qazlal
Ru
Sif Muna
Trog
Uskayaw
Vehumet
Wu Jian
Xom
Yredelemnul
Zin
The Shining One

Shops:
D:4 ?

Annotations:
D:8 3 runed translucent doors, lotum's ghost, novice DsBe


Innate Abilities, Weirdness & Mutations

You can breathe waves of freezing cold which knock back foes.
Your icy white scales are hard. (AC +8)
You cannot fit into any form of body armour.
Your flesh is cold resistant. (rC+)
You are cold-blooded and may be slowed by cold attacks.


Message History

The boulder beetle stops rolling and uncurls.
The searing ray hits the boulder beetle but does no damage.
The boulder beetle is severely wounded.
You feel sick.
The boulder beetle leaps!
You feel better.
The boulder beetle curls into a ball and begins rolling!
Found a chain mail.
Casting: Searing Ray (safe; 1% risk of failure)
Confirm with . or Enter, or press ? or * to list all spells.
Casting: Flame Wave (dangerous; 6% risk of failure)
Press: ? - help, Dir - look around, f - activate A wave of flame ripples out!
The flame wave engulfs the boulder beetle!
The boulder beetle is severely wounded. (Press . to intensify the flame waves.)
The boulder beetle closely misses you.
The boulder beetle stops rolling and uncurls.
A wave of flame ripples out!
The flame wave engulfs the boulder beetle.
The boulder beetle is almost dead.
The boulder beetle leaps!
A wave of flame ripples out!
The flame wave engulfs the plant!
The plant begins to die.
The plant is lightly damaged.
You hear a croak.
The boulder beetle curls into a ball and begins rolling!
A wave of flame ripples out!
The flame wave engulfs the plant!
The plant is lightly damaged.
You finish channelling waves of flame.
A nearby plant withers and dies.
Casting: Flame Wave (dangerous; 6% risk of failure)
Confirm with . or Enter, or press ? or * to list all spells.
Aiming: Searing Ray (safe; 1% risk of failure)
Press: ? - help, Shift-Dir - straight line, f - boulder beetle
Aim: a boulder beetle (severely wounded, rolling, 100% to hit)
The searing ray hits the boulder beetle but does no damage.
The boulder beetle is severely wounded. (Press . to maintain the ray.)
The boulder beetle hits you!!!
You die...

# #........## # #
#.......###.##P........ ##
##.......#.....[....P.........
..##..................P..........
.................................
.................................
..#P.............................
..#......÷............>..........
..#.............@............°...
.......÷..÷......B...............
##.)...÷.÷<.......°...#..........
###.......÷..##.##.°......†.....#
####........## #...........P.##
######.......##. #............##
.#>..........#.##.#.........###
.................##.........#
..........................#.#


You could see a boulder beetle (rolling).

Vanquished Creatures
  A hydra (Lair:1)
  2 two-headed ogres (D:10)
  2 manticores
  Joseph (Lair:1)
  A gargoyle (D:10)
  4 cane toads
  A rime drake (Lair:1)
  3 komodo dragons (Lair:1)
  A troll (D:10)
  A hornet (D:10)
  A polar bear (Lair:1)
  A queen bee (Lair:1)
  A wind drake (Lair:2)
  8 blink frogs (Lair:1)
  3 shadows
  28 yaks
  A basilisk (Lair:2)
  A steam dragon (D:9)
  2 wargs (D:8)
  Menkaure (D:5)
  4 vampire mosquitoes (D:10)
  An acid dragon (D:10)
  9 water moccasins
  Duvessa (D:7)
  4 ice beasts
  A sky beast (D:4)
  4 orc warriors
  A hornet zombie (D:8)
  3 ogres
  3 wolves
  A centaur (D:10)
  A phantom (D:5)
  A gnoll sergeant (D:9)
  16 bullfrogs
  6 necrophages
  6 kobold brigands
  A wyvern zombie (D:8)
  Dowan (D:7)
  3 wights (D:8)
  32 killer bees
  2 howler monkeys
  A centaur zombie (D:7)
  3 hounds
  2 jellies (D:6)
  10 orc priests
  3 gnoll boudas
  An iguana (D:6)
  17 orc wizards
  A killer bee zombie (D:7)
  39 gnolls
  11 adders
  A white imp (D:7)
  2 ufetubi
  A worm (D:2)
  2 dart slugs
  66 orcs
  6 endoplasms
  6 giant cockroaches
  7 goblins
  3 hobgoblins
  23 jackals
  5 quokkas
  8 ball pythons
  5 bats
  4 frilled lizards
  24 kobolds
  2 rats
  A spectral goblin (D:3)
  3 bushes (Lair:1)
  A butterfly (D:7)
423 creatures vanquished.

Vanquished Creatures (others)
  A bush (D:7)
  26 foxfires
  14 fungi
  39 plants
80 creatures vanquished.

Grand Total: 503 creatures vanquished

Notes
Turn   | Place    | Note
-------+----------+-------------------------------------------
     0 | D:1      | fishmans the Draconian Fire Elementalist began the quest
                  | for the Orb.
     0 | D:1      | Reached XP level 1. HP: 14/14 MP: 3/3
  1277 | D:2      | Reached XP level 2. HP: 20/20 MP: 5/5
  1547 | D:2      | Reached XP level 3. HP: 21/26 MP: 3/6
  1916 | D:2      | Reached skill level 2 in Conjurations
  1932 | D:2      | Learned a level 2 spell: Scorch
  2767 | D:2      | Reached XP level 4. HP: 31/33 MP: 8/8
  2991 | D:3      | Learned a level 3 spell: Conjure Flame
  3150 | D:3      | Found a hazy altar of Hepliaklqana.
  3151 | D:3      | Found a faded altar of an unknown god.
  3484 | D:3      | Reached XP level 5. HP: 35/38 MP: 9/9
  3557 | D:3      | Reached skill level 3 in Conjurations
  4125 | D:3      | Reached XP level 6. HP: 45/45 MP: 8/11
  4827 | D:3      | Reached skill level 4 in Conjurations
  4827 | D:3      | Reached skill level 5 in Fire Magic
  5026 | D:3      | Your scales start taking on an icy white colour.
  5026 | D:3      | Reached XP level 7. HP: 50/50 MP: 6/13
  5026 | D:3      | Gained mutation: Your flesh is cold resistant. (rC+) [White
                  | Draconian growth]
  5746 | D:3      | Found a faded altar of an unknown god.
  5868 | D:3      | Found a sparkling altar of Nemelex Xobeh.
  6123 | D:4      | Found Byecyak's Magic Scroll Shoppe.
  6288 | D:4      | Found a staircase to the Ecumenical Temple.
  6469 | Temple   | Entered the Ecumenical Temple
  6719 | Temple   | Became a worshipper of Vehumet
  6770 | D:4      | Reached skill level 5 in Conjurations
  7184 | D:4      | Reached skill level 5 in Spellcasting
  7780 | D:4      | Reached XP level 8. HP: 57/57 MP: 15/15
  8037 | D:4      | Reached skill level 5 in Fire Magic
  8139 | D:4      | Reached * piety under Vehumet
  8139 | D:4      | Offered knowledge of Sandblast by Vehumet.
  8396 | D:4      | Found an iron altar of Okawaru.
  8472 | D:5      | Entered Level 5 of the Dungeon
  8533 | D:4      | Reached skill level 6 in Conjurations
  8818 | D:5      | Reached skill level 7 in Conjurations
  9292 | D:5      | Reached skill level 8 in Conjurations
  9692 | D:5      | Found a glowing golden altar of the Shining One.
  9830 | D:5      | Noticed Menkaure
  9841 | D:5      | Killed Menkaure
  9842 | D:5      | Reached skill level 9 in Conjurations
 10280 | D:5      | Reached XP level 9. HP: 49/62 MP: 11/16
 10731 | D:6      | Offered knowledge of Poisonous Vapours by Vehumet.
 10817 | D:6      | Learned a level 2 spell: Poisonous Vapours
 10822 | D:6      | Learned a level 4 spell: Flame Wave
 11027 | D:6      | Reached ** piety under Vehumet
 11431 | D:6      | Found an opulent altar of Gozag.
 11492 | D:6      | Reached skill level 10 in Conjurations
 11743 | D:6      | Learned a level 2 spell: Blink
 11926 | D:7      | Noticed a manticore
 12035 | D:7      | Killed a manticore
 12036 | D:7      | Reached skill level 11 in Conjurations
 12289 | D:7      | Reached skill level 1 in Maces & Flails
 12289 | D:7      | Reached skill level 1 in Translocations
 12578 | D:7      | Noticed Duvessa
 12589 | D:7      | Noticed Dowan
 12606 | D:7      | Killed Duvessa
 12620 | D:7      | Killed Dowan
 13193 | D:7      | Found a blossoming altar of Fedhas.
 13376 | D:7      | Found a shimmering altar of Xom.
 13629 | D:7      | Found a glowing silver altar of Zin.
 14042 | D:7      | Reached XP level 10. HP: 69/69 MP: 18/18
 14205 | D:8      | Offered knowledge of Static Discharge by Vehumet.
 14710 | D:8      | Found a runed translucent gate.
 14710 | D:8      | Found a runed translucent gate.
 14710 | D:8      | Found a runed translucent gate.
 14710 | D:8      | Noticed lotum's ghost (novice DsBe)
 14756 | D:8      | Reached *** piety under Vehumet
 15396 | D:8      | Found a shimmering blue altar of Sif Muna.
 15444 | D:8      | Found a staircase to the Lair.
 15534 | D:8      | Found a basalt altar of Yredelemnul.
 15984 | D:9      | Reached skill level 12 in Conjurations
 16082 | D:9      | Found a staircase to the Orcish Mines.
 16156 | D:9      | Identified the ring "Jiqed" {+Blink rPois Int+5 Stlth+}
 16447 | D:9      | Offered knowledge of Olgreb's Toxic Radiance by Vehumet.
 17041 | D:9      | Found a hide-covered altar of Uskayaw.
 17146 | D:9      | Learned a level 5 spell: Iskenderun's Battlesphere
 17490 | D:9      | Reached **** piety under Vehumet
 17654 | D:9      | Offered knowledge of Sticky Flame by Vehumet.
 17655 | D:9      | Reached skill level 13 in Conjurations
 17655 | D:9      | Reached XP level 11. HP: 74/74 MP: 19/22
 17717 | D:9      | Learned a level 6 spell: Conjure Ball Lightning
 17895 | D:9      | Found a stormy altar of Qazlal.
 18121 | D:10     | Entered Level 10 of the Dungeon
 18312 | D:10     | Found a bloodstained altar of Trog.
 18635 | D:10     | Reached skill level 1 in Air Magic
 18813 | D:10     | Found an ornate altar of the Wu Jian Council.
 18983 | D:10     | Noticed a two-headed ogre
 19045 | D:10     | Killed a two-headed ogre
 19589 | D:10     | Paralysed by a hornet for 1 turns
 21225 | D:10     | Noticed a two-headed ogre
 21236 | D:10     | Killed a two-headed ogre
 22199 | D:4      | Bought a scroll of amnesia for 52 gold pieces
 22199 | D:4      | Bought a scroll of amnesia for 52 gold pieces
 22199 | D:4      | Bought a scroll of blinking for 97 gold pieces
 22436 | Lair:1   | Entered Level 1 of the Lair of Beasts
 22680 | Lair:1   | Reached skill level 5 in Air Magic
 22688 | Lair:1   | Reached skill level 14 in Conjurations
 23717 | Lair:1   | Reached ***** piety under Vehumet
 24169 | Lair:1   | Reached XP level 12. HP: 57/81 MP: 19/24
 24488 | Lair:1   | Noticed a five-headed hydra
 25460 | Lair:1   | Killed a five-headed hydra
 25472 | Lair:1   | Offered knowledge of Lee's Rapid Deconstruction by Vehumet.
 25594 | Lair:1   | Noticed Joseph
 25626 | Lair:1   | Killed Joseph
 26387 | Lair:1   | Learned a level 2 spell: Searing Ray
 27082 | Lair:2   | Noticed a boulder beetle
 27493 | Lair:2   | Found a staircase to the Shoals.
 27639 | Lair:2   | Reached skill level 15 in Conjurations
 27655 | Lair:2   | Mangled by a boulder beetle

Illustrated notes

Levels and vault maps discovered:
D:1:      wheals_arrival_shading, layout_basic
D:2:      layout_loops_ring
D:3:      lemuel_castle_with_subvaults [lemuel_castle_interior_carwin_1],
          layout_rooms, beargit_hepliaklqana_dungeon_heroes,
          mainiacjoe_overflow_six_doors_small,
          dreamdust_ecumenical_altar_drowned_temple,
          corexii_item_surrounded_by_moat
D:4:      layout_loops_ring, okawaru_altar_gauntlet_db,
          minmay_temple_entry_ruins, serial_shops, shop_coins
D:5:      layout_loops_ring, kennysheep_little_box, saegor_snake_ambush,
          uniq_menkaure
D:6:      layout_loops_ring, mainiacjoe_overflow_chevrons,
          nicolae_figureground_sparkle
D:7:      layout_basic, zin_scriptorium, xom_butterflies,
          fedhas_altar_decomposition, serial_curves, eino_curves_02,
          eino_curves_01, uniq_duvessa
D:8:      layout_rooms, nicolae_yredelemnul_ghost_church, led_sif_book,
          erik_lair_orcish_takeover
D:9:      layout_rooms, amcnicky_altar_gilded, nicolae_qazlal_general_emergency,
          minmay_orc_entry_temple_small, nicolae_benzene_ring
D:10:     minmay_polygon_palace, layout_irregular_city,
          nicolae_wu_jian_wuxing_cycle, trog_book
Temple:   nicolae_temple_superstar
Lair:1:   layout_long_grid, gauntlet_entry_generic, special_room
          [special_room_bee], wad_woods_06, uniq_joseph
Lair:2:   layout_hall_layers, minmay_shoals_entry_beasts,
          nicolae_spider_entry_tight_spaces

Skill      XL: |  1  2  3  4  5  6  7  8  9 10 11 12 |
---------------+-------------------------------------+-----
Conjurations   | 2 3 4 5 9 11 13 14 15 | 15.0
Spellcasting   | 3 4 5 7 8 9 |  9.9
Fire Magic     | 4 4 5 |  5.0
Maces & Flails | 2 3 |  3.9
Translocations | 2 |  2.0
Air Magic      | 6 7 |  7.7
Dodging        | |  1.8
Stealth        | |  1.8
Evocations     | |  0.4

Action                   |  1- 3 |  4- 6 |  7- 9 | 10-12 || total
-------------------------+-------+-------+-------+-------++-------
Melee: Unarmed           |    10 |       |       |       ||    10
       Great sword       |    81 |    99 |    18 |       ||   198
       Tailslap          |     6 |    11 |     5 |     5 ||    27
       Flail             |       |       |    24 |    24 ||    48
Throw: Dart              |     2 |       |       |       ||     2
       Stone             |     8 |       |       |       ||     8
       Javelin           |       |       |     4 |     6 ||    10
 Cast: Foxfire           |    17 |     3 |       |       ||    20
       Scorch            |     9 |    69 |   187 |    94 ||   359
       Flame Wave        |       |       |    13 |   118 ||   131
       Conjure Flame     |       |       |     4 |       ||     4
       Iskenderun's Batt |       |       |       |    36 ||    36
       Blink             |       |       |       |     2 ||     2
       Searing Ray       |       |       |       |    21 ||    21
 Abil: Breathe Frost     |       |       |    53 |    60 ||   113
Evoke: Wand              |       |       |       |     3 ||     3
  Use: Scroll            |     4 |     6 |     6 |    11 ||    27
       Potion            |       |       |     3 |     5 ||     8
 Stab: Sleeping          |     2 |       |       |       ||     2
Armor: Skin              |    47 |    83 |    83 |   112 ||   325
Dodge: Dodged            |   122 |   127 |   151 |   130 ||   530
Block: Buckler           |       |       |     2 |    10 ||    12
       Tower shield      |       |       |       |   141 ||   141
